 Dungeon Crawl Stone Soup version 0.28.0 (webtiles) character file.

Game seed: 14537343080639258746

32 croobank the Chopper (level 3, 0/20 HPs)
             Began as a Vine Stalker Chaos Knight on Feb 4, 2022.
             Was a Plaything of Xom.
             Slain by an adder (3 damage)
             ... on level 2 of the Dungeon.
             The game lasted 00:04:31 (859 turns).

croobank the Chopper (Vine Stalker Chaos Knight)     Turns: 859, Time: 00:04:35

Health: 0/20       AC:  6    Str: 16    XL:     3   Next: 27%
Magic:  0/4        EV: 10    Int: 12    God:    Xom [..*...]
Gold:   21         SH:  5    Dex: 13    Spells: 1/2 levels left

rFire   + . .      SeeInvis .   a - +0 hand axe (chaos)
rCold   . . .      Faith    .   (no shield)
rNeg    . . .      Spirit   +   e - +0 ring mail
rPois   .          Reflect  +   (no helmet)
rElec   .          Harm     .   (no cloak)
rCorr   .          Rampage  .   g - +0 pair of gloves
Will    .....                   (no boots)
Stlth   +.........              d - amulet of reflection
HPRegen 0.06/turn               i - ring of protection from fire
MPRegen 0.09/turn               (no ring)

@: mighty, lethally poisoned (0 -> -7)
A: fangs 2, magic shield, antimagic bite, no potion heal 2
a: Renounce Religion


You were on level 2 of the Dungeon.
You worshipped Xom.
You were a toy of Xom.
You visited 1 branch of the dungeon, and saw 2 of its levels.

You collected 21 gold pieces.

Inventory:

Hand Weapons
 a - a +0 hand axe of chaos (weapon)
Missiles
 c - 22 bolts
 l - 25 stones (quivered)
Armour
 b - a +2 leather armour
 e - a +0 ring mail (worn)
 g - a +0 pair of gloves (worn)
Jewellery
 d - an amulet of reflection (around neck)
 i - a ring of protection from fire (left hand)
 j - a ring of willpower
Scrolls
 f - a scroll of identify {unknown}
 h - a scroll of teleportation {unknown}


   Skills:
 + Level 3.0 Fighting
 + Level 3.3 Axes
 + Level 1.8 Armour
 + Level 1.1 Dodging


You had one spell level left.
You knew the following spells:

 Your Spells              Type           Power      Damage    Failure   Level
a - Sandblast             Erth           0%         2d4       52%         1

Your spell library contained the following spells:

 Spells                   Type           Power      Damage    Failure   Level
 Sting                    Tmut/Pois      0%         1d3       52%         1
 Passwall                 Tmut/Erth      0%         N/A       67%         2
 Stone Arrow              Conj/Erth      0%         3d7       88%         3


Dungeon Overview and Level Annotations

Branches:
Dungeon (2/15)

Altars:


Innate Abilities, Weirdness & Mutations

You have extremely sharp teeth.
When hurt, damage is shared between your health and your magic reserves.
Your bite disrupts and absorbs the magic of your enemies.
Potions cannot restore your health.


Message History

You feel a bit more experienced. You block the goblin's attack.
You have reached level 3!
Your experience leads to an increase in your attributes!
Increase (S)trength, (I)ntelligence, or (D)exterity?
You feel stronger. x2 2 goblins and a giant cockroach come into view.
The goblin shouts!
You hear a shout!
A goblin comes into view. It is wielding a +0 dagger.
A goblin comes into view. It is wielding a +0 dagger.
A goblin comes into view. It is wielding a +0 club.
The goblins go into a battle-frenzy!
The giant cockroach misses you.
Your butterfly disappears in a puff of smoke!
You closely miss the giant cockroach. You block the giant cockroach's attack.
A hobgoblin comes into view.
You hit the giant cockroach. You bite the giant cockroach.
You kill the giant cockroach!
You block the goblin's attack.
Your Fighting skill increases to level 3!
You slash the goblin!
You kill the goblin!
You slash the goblin! You freeze the goblin.
You kill the goblin!
You slash the hobgoblin!
You kill the hobgoblin!
You closely miss the goblin. You bite the goblin.
You kill the goblin!
You barely miss the kobold. You bite the kobold.
You kill the kobold!
You slash the goblin!
You kill the goblin!
The goblin no longer looks unusually strong.
You slash the adder!
The adder is moving more slowly.
The adder is severely wounded.
The adder bites you.
* * * LOW HITPOINT WARNING * * *
You are lethally poisoned!
The adder poisons you! The adder bites you.
You die... "It was about time."

### #### ..#
##@.#
#.###S#.......
#.#K##...##..
..####.gg####.#
g.............#
.g####...######
#.#g##
.#.###.##
..#####.#


You could see an adder (petrifying), 2 goblins and a kobold.

Vanquished Creatures
  A dart slug (D:1)
  4 ball pythons (D:1)
  2 endoplasms
  2 giant cockroaches
  A hobgoblin (D:2)
  5 jackals (D:1)
  A bat (D:1)
  A frilled lizard (D:1)
  5 goblins
  2 kobolds
  3 rats (D:1)
27 creatures vanquished.

Vanquished Creatures (others)
  A plant (D:1)
1 creature vanquished.

Grand Total: 28 creatures vanquished

Notes
Turn   | Place    | Note
-------+----------+-------------------------------------------
     0 | D:1      | croobank the Vine Stalker Chaos Knight began the quest for
                  | the Orb.
     0 | D:1      | Reached XP level 1. HP: 11/11 MP: 2/2
    30 | D:1      | XOM: silly message
   122 | D:1      | Reached skill level 1 in Dodging
   175 | D:1      | Reached XP level 2. HP: 10/16 MP: 3/3
   421 | D:1      | Learned a level 1 spell: Sandblast
   511 | D:1      | Found a faded altar of an unknown god.
   524 | D:1      | Got Plato's Handbook of Transformation and Toxins
   704 | D:1      | XOM: noise
   826 | D:2      | XOM: butterfly on damage
   833 | D:2      | XOM: confuse monster(s)
   844 | D:2      | Reached XP level 3. HP: 2/19 MP: 1/4
   859 | D:2      | Slain by an adder

Illustrated notes

Levels and vault maps discovered:
D:1:      evilmike_arrival_rings, layout_rooms,
          shapermc_ecumenical_altar_rom_forum
D:2:      layout_basic, grunt_ministairs_9, hex_intersection, uniq_robin

Skill      XL: |  1  2  3 |
---------------+----------+-----
Dodging        | 1 |  1.1
Axes           | 3 |  3.3
Fighting       | 3 |  3.0
Armour         | |  1.8

Action                   || total
-------------------------++-------
Melee: Hand axe          ||    68
       Bite              ||    17
  Use: Potion            ||     1
 Stab: Confused          ||     1
Armor: Leather armour    ||     6
       Ring mail         ||    19
Dodge: Dodged            ||    44
Block: Other             ||     6
